Cogmind - Beta 13 @@@ ROGUE MODE // 2024.05.19 @ 23:19:21 Player: FlyingLemon Result: Destroyed by S-27 Virus with Autogun Performance ------------- Evolutions (6) 3000 Regions Visited (13) 2600 Robots Destroyed (81) 405 Value Destroyed (2653) 2653 Prototype IDs (8) 160 Alien Tech Used (0) 0 Bonus (755) 755 TOTAL SCORE: 9573 Bonus ------- High Alert Combat Kills 156 Follower Combat Kills 60 Met Zhirov 300 Read Decrypted Archives 300 Friendly Fire -61 Cogmind --------- Core Integrity 0/1150 Matter 248/300 Energy 98/100 System Corruption 0% Temperature Cool (0) Movement Core (50) Location -4/Factory Parts ------- > --- POWER (2) -------- (None) > --- PROPULSION (6) --- (None) > --- UTILITY (8) ------ System Shield Corruption Screen > --- WEAPON (3) ------- (None) > --- INVENTORY (5) ---- (None) Peak State ------------ > --- POWER ------------ Micro Nuclear Core Micro Nuclear Core > --- PROPULSION ------- Cesium-ion Thruster Xenon Bombardment Thruster Nuclear Pulse Thruster Nuclear Pulse Array > --- UTILITY ---------- Advanced Visual Processing Unit Advanced Signal Interpreter ECM Suite Improved Light Armor Plating Hacking Suite System Shield Improved System Shield > --- WEAPON ----------- Flak Gun Coil Gun Heavy Mace > --- INVENTORY -------- Improved Gravmag System Cesium-ion Thruster Advanced Weight Redist. System Missile Launcher [Rating: 68] Favorites ----------- Power Micro Nuclear Core Engine Improved Ion Engine Power Core Micro Nuclear Core Propulsion Light Treads Treads Light Treads Leg Improved Titanium Leg Wheel Armored Wheel Hover Unit Gyrokinetic Inverter Flight Unit Cesium-ion Thruster Utility Hacking Suite Device ECM Suite Storage Large Storage Unit Processor Signal Interpreter Hackware Hacking Suite Protection Hardened Medium Armor Plating Weapon Improved Assault Rifle Energy Gun Pulse Rifle Energy Cannon HERF Cannon Ballistic Gun Improved Assault Rifle Ballistic Cannon Enhanced Gauss Cannon Launcher Missile Launcher Impact Weapon Heavy Mace Build | -11 -10 -9 -8 -7 -7 -7 -6 -5 -5 -5 -5 -5 -4 ------- Run | Yrd Mat Mat Mat Fac Was Fac Fac Fac Ext Cet Arc Hub Fac Slots Evolved 12 | . . 2 2 2 . . 2 2 . . . . 2 Power 1 | . . . . . . . . 1 . . . . . Propulsion 4 | . . 1 . 1 . . 1 . . . . . 1 Utility 6 | . . 1 2 . . . 1 1 . . . . 1 Weapon 1 | . . . . 1 . . . . . . . . . Parts Attached 120 | 6 4 19 11 4 . 15 7 6 9 2 4 8 25 Power 10 | 1 . 1 2 1 . 1 . 1 . . . . 3 Engine 2 | 1 . 1 . . . . . . . . . . . Core 8 | . . . 2 1 . 1 . 1 . . . . 3 Reactor . | . . . . . . . . . . . . . . Propulsion 44 | 2 1 8 3 2 . 5 1 3 5 . 3 4 7 Treads 12 | 1 . 7 3 . . . . . . . . . 1 Leg 1 | . . . . 1 . . . . . . . . . Wheel 7 | 1 1 1 . 1 . 1 1 . . . . . 1 Hover 7 | . . . . . . . . . . . 3 . 4 Flight 17 | . . . . . . 4 . 3 5 . . 4 1 Utility 38 | 1 3 4 4 . . 5 3 2 1 1 1 3 10 Device 8 | . . 2 . . . 1 . . 1 . . 1 3 Storage 2 | 1 1 . . . . . . . . . . . . Processor 11 | . 1 . 1 . . 3 2 . . . . 2 2 Hackware 7 | . . . 1 . . 1 1 1 . . 1 . 2 Protection 10 | . 1 2 2 . . . . 1 . 1 . . 3 Artifact . | . . . . . . . . . . . . . . Weapon 28 | 2 . 6 2 1 . 4 3 . 3 1 . 1 5 Energy Gun 5 | . . 2 . . . . . . . . . . 3 Energy Cannon 1 | . . . . . . . . . . . . . 1 Ballistic Gun 15 | 2 . 4 2 1 . 3 2 . . . . 1 . Ballistic Cannon 1 | . . . . . . . . . . . . . 1 Launcher 3 | . . . . . . 1 . . 2 . . . . Special Weapon . | . . . . . . . . . . . . . . Impact Weapon 3 | . . . . . . . 1 . 1 1 . . . Slashing Weapon . | . . . . . . . . . . . . . . Piercing Weapon . | . . . . . . . . . . . . . . Special Melee Weapon . | . . . . . . . . . . . . . . Unidentified Prototypes 3 | . . 1 . . . . . . . . . . 2 Parts Lost 51 | . 1 1 4 . 3 . . 1 10 6 . 3 22 Power 6 | . . . 1 . 1 . . . 2 . . . 2 Propulsion 20 | . 1 1 2 . . . . . 7 2 . 1 6 Utility 18 | . . . 1 . 1 . . 1 . 4 . 2 9 Weapon 7 | . . . . . 1 . . . 1 . . . 5 Highest Loss Streak 11 | . 1 1 3 . 3 . . 1 5 11 . 2 7 To Critical Strikes . | . . . . . . . . . . . . . . Average Slot Usage (%) 82 | . 97 99 95 89 78 82 92 93 83 33 31 59 48 Engine 3 | . 14 11 3 . . . . . . . . . . Core 3 | . . . 5 7 5 7 6 10 7 . . . 3 Treads 8 | . 14 21 16 7 4 . . . . . . . . Wheel 5 | . 13 11 9 12 11 . . . . . . . . Hover 1 | . . . . . . . . . . . 1 8 6 Flight 6 | . . . . . . 24 26 23 19 2 . 6 1 Device 2 | . . 1 . . . 6 6 5 5 1 . 1 7 Storage 5 | . 14 11 9 7 7 . . . . . . . . Processor 12 | . . 11 17 15 13 17 13 11 11 6 5 16 12 Hackware 9 | . . . 8 7 7 12 19 18 17 17 17 19 9 Protection 5 | . 11 9 8 7 4 . . 3 4 . . . . Ballistic Gun 13 | . 28 18 18 23 17 10 16 11 8 . . . . Impact Weapon 1 | . . . . . . . 3 5 2 3 5 3 . Naked Turns . | . . . . . . . . . . . . . . Heaviest Build 43 | 10 26 41 41 43 43 20 21 29 29 5 3 15 42 Greatest Support 43 | 20 20 43 43 28 28 21 21 30 30 17 28 27 30 Greatest Overweight (x) 6 | 2 1 3 3 3 2 . . . 1 . . . 6 Average Overweight (x) . | . . 1 2 1 1 . . . . . . . . Largest Inventory Capacity 15 | 8 15 15 15 15 15 15 5 5 5 5 5 5 5 Average Capacity 9 | 7 11 15 15 15 15 5 5 5 5 5 5 5 5 Most Carried 15 | 7 12 15 15 15 15 14 5 5 5 4 2 5 5 Average Carried 8 | 3 8 14 14 12 15 5 4 3 4 2 1 4 1 Final Capacity 15 | 8 15 15 15 15 15 5 5 5 5 5 5 5 5 Final Carried 15 | 6 12 15 12 15 15 5 5 5 4 2 2 2 . Class Distribution -------------------- 48% | Mutant 20% | Hacker-Sprinter 14% | Hacker-Mutant 9% | Gunner 6% | Scavenger-Mutant Dominant Class ---------------- Mutant | -10/Materials Mutant | -9/Materials Mutant | -8/Materials Gunner | -7/Factory Gunner | -7/Waste Hacker-Sprinter | -7/Factory Hacker-Sprinter | -6/Factory Hacker-Sprinter | -5/Factory Hacker-Sprinter | -5/Extension Hacker-Mutant | -5/Cetus Hacker-Mutant | -5/Archives Hacker-Mutant | -5/Hub_04(d) Scavenger-Mutant | -4/Factory Resources | -11 -10 -9 -8 -7 -7 -7 -6 -5 -5 -5 -5 -5 -4 ----------- Run | Yrd Mat Mat Mat Fac Was Fac Fac Fac Ext Cet Arc Hub Fac Matter Collected 2516 | 225 80 591 452 . . . 130 . 489 . 36 69 444 Remotely . | . . . . . . . . . . . . . . Salvage Created 2941 | . 107 1229 677 . . . 130 . 438 . 36 . 324 Parts 170 | . 4 63 42 . . . 9 . 30 . 4 . 18 Haulers Intercepted 3 | . . 1 . . . . 1 . 1 . . . . Recyclers Shooed 2 | . . 1 . . . . . . 1 . . . . Parts Field Recycled . | . . . . . . . . . . . . . . Retrieved Matter . | . . . . . . . . . . . . . . Parts Self-Destructed . | . . . . . . . . . . . . . . Prevented . | . . . . . . . . . . . . . . Kills | -11 -10 -9 -8 -7 -7 -7 -6 -5 -5 -5 -5 -5 -4 ------- Run | Yrd Mat Mat Mat Fac Was Fac Fac Fac Ext Cet Arc Hub Fac Combat Hostiles Destroyed 64 | . 3 24 20 . . . . . 9 . . . 8 Guns 55 | . 3 24 20 . . . . . 4 . . . 4 Cannons 4 | . . . . . . . . . . . . . 4 AOE 5 | . . . . . . . . . 5 . . . . Classes Destroyed 12 | . 2 4 2 . . . . . 4 . . . . Worker 2 | . . . . . . . . . 2 . . . . Builder 3 | . . . 1 . . . 1 . 1 . . . . Tunneler 1 | . . . . . . . . . 1 . . . . Hauler 3 | . . 1 . . . . 1 . 1 . . . . Recycler 2 | . . 1 . . . . . . 1 . . . . Operator 5 | . . 1 1 . . . 1 . 1 . . . 1 Watcher 1 | . . . . . . . . . 1 . . . . Swarmer 19 | . 1 2 6 . . . . . 6 . . . 4 Grunt 29 | . 2 14 9 . . . . . 1 . . . 3 Sentry 14 | . . 8 4 . . . . . 1 . . . 1 Hunter 1 | . . . 1 . . . . . . . . . . Behemoth 1 | . . . . . . . . . 1 . . . . Best Kill Streak 11 | . 1 4 11 . . . 1 . 7 . . . 4 Combat Bots Only 11 | . 1 4 11 . . . . . 5 . . . 4 Max Kills in Single Turn 7 | . 1 2 2 . . . 1 . 7 . . . 1 Gunslinging 1 | . . 1 1 . . . . . . . . . . Exploded 5 | . . . . . . . . . 5 . . . . Melee . | . . . . . . . . . . . . . . Uniques/NPCs Destroyed . | . . . . . . . . . . . . . . Combat | -11 -10 -9 -8 -7 -7 -7 -6 -5 -5 -5 -5 -5 -4 -------- Run | Yrd Mat Mat Mat Fac Was Fac Fac Fac Ext Cet Arc Hub Fac Hostile Shots Fired 733 | . 23 128 118 . 4 . . 33 74 14 . 52 287 Missed 267 | . 6 36 30 . 1 . . 20 40 4 . 25 105 Damage Taken 8195 | . 225 1227 1112 . 156 . . 226 820 283 . 735 3411 Core 2295 | . 23 199 138 . 47 . . 43 187 54 . 452 1152 Absorbed by Shields . | . . . . . . . . . . . . . . Redirected to Shielding 4 | . . 4 . . . . . . . . . . . Core Remaining (%) 76 | 100 90 50 74 . . 93 100 . . . . 26 . Volleys Fired 236 | . 17 84 51 . . . 4 . 19 . . 3 58 Largest 3 | . 2 2 2 . . . 3 . 3 . . 1 2 Hottest 169 | . 40 126 48 . . . 86 . 94 . . 30 169 Shots Fired 426 | . 34 168 102 . . . 11 . 37 . . 3 71 Gun 376 | . 34 168 102 . . . 11 . 31 . . 3 27 Cannon 44 | . . . . . . . . . . . . . 44 Launcher 6 | . . . . . . . . . 6 . . . . Special . | . . . . . . . . . . . . . . Kinetic 375 | . 34 150 102 . . . 11 . 31 . . 3 44 Thermal 34 | . . 18 . . . . . . . . . . 16 Explosive 6 | . . . . . . . . . 6 . . . . Electromagnetic 11 | . . . . . . . . . . . . . 11 Robot Hit Streak 30 | . 11 20 30 . . . 11 . 6 . . 1 10 Robot Miss Streak 5 | . 2 3 3 . . . 3 . 5 . . 4 2 Penetration Max 1 | . . . . . . . . . 1 . . . . Secondary Targets 5 | . . 2 2 . . . . . 1 . . . . Max Gunslinging Chain 1 | . . 1 1 . . . . . 1 . . . . Shots Hit Robots 333 | . 25 136 86 . . . 7 . 27 . 1 1 50 Core Hits 170 | . 8 48 41 . . . 10 . 42 . 1 . 20 Critical Kills 2 | . . . 2 . . . . . . . . . . Critical Parts Destroyed 2 | . . . 1 . . . . . 1 . . . . Critical Strikes 9 | . . . 3 . . . . . 1 . . . 5 Burn 1 | . . . . . . . . . . . . . 1 Destroy 4 | . . . 3 . . . . . 1 . . . . Blast 4 | . . . . . . . . . . . . . 4 Melee Attacks 61 | . . . . . . . 5 14 4 12 2 24 . Impact 61 | . . . . . . . 5 14 4 12 2 24 . Slashing . | . . . . . . . . . . . . . . Piercing . | . . . . . . . . . . . . . . Sneak Attacks . | . . . . . . . . . . . . . . Combat Hostiles . | . . . . . . . . . . . . . . Follow-up Attacks . | . . . . . . . . . . . . . . Damage Inflicted 6767 | . 195 1871 1611 . . . 197 . 1445 . 117 22 1309 Guns 4899 | . 195 1871 1611 . . . 197 . 605 . . 22 398 Cannons 908 | . . . . . . . . . . . . . 908 Explosions 840 | . . . . . . . . . 840 . . . . Melee 117 | . . . . . . . . . . . 117 . . Ramming 3 | . . . . . . . . . . . . . 3 Kinetic 5215 | . 195 1622 1611 . . . 197 . 605 . . 22 963 Thermal 452 | . . 249 . . . . . . . . . . 203 Explosive 840 | . . . . . . . . . 840 . . . . Electromagnetic 140 | . . . . . . . . . . . . . 140 Impact 117 | . . . . . . . . . . . 117 . . Slashing . | . . . . . . . . . . . . . . Piercing . | . . . . . . . . . . . . . . Highest Corruption 19 | . . . . . 19 19 . . 4 4 4 4 . Average Corruption 7 | . . . . . 10 19 . . 4 4 4 4 . Corruption Purged . | . . . . . . . . . . . . . . Corruption Blocked 2 | . . . . . . . . . . . . 2 . Effects 28 | . . . . . 6 8 . . 3 4 2 5 . Message Errors 12 | . . . . . 3 3 . . 1 1 1 3 . Matter Fused 7 | . . . . . 1 2 . . . 2 1 1 . Heat Flow Errors 4 | . . . . . . 1 . . 2 1 . . . Parts Rejected 2 | . . . . . 1 . . . . . . 1 . Data Loss (minor) 2 | . . . . . 1 1 . . . . . . . Data Loss (major) 1 | . . . . . . 1 . . . . . . . Overload Shots . | . . . . . . . . . . . . . . Overflow Damage 3 | . . . . . . . . . . . . . 3 Projectiles 3 | . . . . . . . . . . . . . 3 Explosions . | . . . . . . . . . . . . . . Melee . | . . . . . . . . . . . . . . Knockbacks 20 | . . . . . . . . . . . . . 20 Impact . | . . . . . . . . . . . . . . Kinetic 13 | . . . . . . . . . . . . . 13 Secondary 7 | . . . . . . . . . . . . . 7 Self-Inflicted Damage 1 | . . . . . . . . . . . . . 1 Shots . | . . . . . . . . . . . . . . Rammed 2 | . . . . . . . . . . . . . 2 Targets Rammed 2 | . . . . . . . . . . . . . 2 Kicked . | . . . . . . . . . . . . . . Crushed . | . . . . . . . . . . . . . . Highest Temperature 320 | . 18 26 39 . . 188 18 7 244 248 . . 320 Average Temperature 30 | . 9 10 10 . . 89 11 3 40 128 . . 89 Received Heat Transfer 2129 | . 123 549 495 . . . . 27 57 54 . 27 797 Siege Activations . | . . . . . . . . . . . . . . Robots Corrupted . | . . . . . . . . . . . . . . Combat Hostiles . | . . . . . . . . . . . . . . Parts Fried 1 | . . . . . . . . . . . . . 1 Impact Corruptions . | . . . . . . . . . . . . . . Robots Melted 1 | . . 1 . . . . . . . . . . . Combat Hostiles . | . . . . . . . . . . . . . . Parts Melted 3 | . . 2 . . . . . . . . . . 1 Heat Transferred 1073 | . . 555 . . . . . . . . . . 518 Parts Sabotaged . | . . . . . . . . . . . . . . Parts Stolen . | . . . . . . . . . . . . . . Parts Stripped . | . . . . . . . . . . . . . . Power Chain Reactions . | . . . . . . . . . . . . . . Alert | -11 -10 -9 -8 -7 -7 -7 -6 -5 -5 -5 -5 -5 -4 ------- Run | Yrd Mat Mat Mat Fac Was Fac Fac Fac Ext Cet Arc Hub Fac Peak Influence 546 | . 136 477 546 81 . 45 88 195 476 147 92 406 423 Initial 198 | . . 57 145 66 . . 21 42 95 132 40 32 198 Average 186 | . 94 264 298 71 . 18 53 137 201 107 49 131 288 Maximum Alert Level 2 | . . 2 2 . . . . . 2 . . 2 2 Low Security (%) 60 | 100 100 31 35 100 100 100 100 100 60 100 100 78 6 Level 1 34 | . . 61 39 . . . . . 37 . . 20 89 Level 2 5 | . . 7 25 . . . . . 2 . . . 3 Level 3 . | . . . . . . . . . . . . . . Level 4 . | . . . . . . . . . . . . . . Level 5 . | . . . . . . . . . . . . . . High Security . | . . . . . . . . . . . . . . Max Security . | . . . . . . . . . . . . . . Squads Dispatched 22 | . . 4 5 2 . 1 1 2 1 . . 4 2 Investigation 6 | . . 2 2 1 . . 1 . . . . . . Extermination 1 | . . . . . . . . . . . . . 1 Reinforcement 15 | . . 2 3 1 . 1 . 2 1 . . 4 1 Assault . | . . . . . . . . . . . . . . Garrison . | . . . . . . . . . . . . . . Intercept . | . . . . . . . . . . . . . . Searches Triggered . | . . . . . . . . . . . . . . Construction Impeded 1 | . . . . . . . . . 1 . . . . Haulers Reinforced . | . . . . . . . . . . . . . . Active Scanning Responses . | . . . . . . . . . . . . . . Cargo Convoy Interrupts . | . . . . . . . . . . . . . . Stealth | -11 -10 -9 -8 -7 -7 -7 -6 -5 -5 -5 -5 -5 -4 --------- Run | Yrd Mat Mat Mat Fac Was Fac Fac Fac Ext Cet Arc Hub Fac Distress Signals 10 | . 1 5 . . . . . . 1 1 . 2 . Communications Jammed . | . . . . . . . . . . . . . . Distress Signals . | . . . . . . . . . . . . . . Times Spotted 214 | . 7 39 32 1 6 4 3 19 35 5 3 27 33 Peak Tracking Total 21 | . 4 7 6 1 6 4 1 7 9 5 6 21 9 Tactical Retreats 29 | . 1 . 3 . . 1 . 5 5 . 2 4 8 Traps | -11 -10 -9 -8 -7 -7 -7 -6 -5 -5 -5 -5 -5 -4 ------- Run | Yrd Mat Mat Mat Fac Was Fac Fac Fac Ext Cet Arc Hub Fac Traps Triggered 7 | . . . 1 2 . 1 1 . 1 . . . 1 Indirectly . | . . . . . . . . . . . . . . Trap Hack Attempts . | . . . . . . . . . . . . . . Triggered . | . . . . . . . . . . . . . . Disarmed . | . . . . . . . . . . . . . . Reprogrammed . | . . . . . . . . . . . . . . Reused . | . . . . . . . . . . . . . . Traps Extracted . | . . . . . . . . . . . . . . Installed . | . . . . . . . . . . . . . . Triggered . | . . . . . . . . . . . . . . Machines | -11 -10 -9 -8 -7 -7 -7 -6 -5 -5 -5 -5 -5 -4 ---------- Run | Yrd Mat Mat Mat Fac Was Fac Fac Fac Ext Cet Arc Hub Fac Machines Disabled 4 | . . . . . . . 1 . . 1 . . 2 Max in Single Turn 1 | . . . . . . . 1 . . 1 . . 1 Garrison Access 2 | . . . 1 . . 1 . . . . . . . Machines Repaired . | . . . . . . . . . . . . . . Machines Dismantled . | . . . . . . . . . . . . . . Machines Sabotaged . | . . . . . . . . . . . . . . Overloaded Fab Kills . | . . . . . . . . . . . . . . Hacking | -11 -10 -9 -8 -7 -7 -7 -6 -5 -5 -5 -5 -5 -4 --------- Run | Yrd Mat Mat Mat Fac Was Fac Fac Fac Ext Cet Arc Hub Fac Machines Accessed 28 | . 3 4 5 2 . 1 . 3 5 1 1 1 2 Terminals 24 | . 3 4 4 1 . . . 3 5 1 . 1 2 Fabricators . | . . . . . . . . . . . . . . Repair Stations . | . . . . . . . . . . . . . . Recycling Units 1 | . . . . 1 . . . . . . . . . Scanalyzers . | . . . . . . . . . . . . . . Garrison Access 2 | . . . 1 . . 1 . . . . . . . Total Hacks 113 | . 8 13 17 2 . 2 . 15 15 4 25 4 8 Successful 74 | . 7 6 8 1 . 1 . 8 10 1 25 2 5 Failed 39 | . 1 7 9 1 . 1 . 7 5 3 . 2 3 Catastrophic 7 | . . 2 3 . . . . 1 . . . 1 . Database Lockouts . | . . . . . . . . . . . . . . Manual 52 | . 5 13 16 . . . . 6 6 . . 1 5 Terminals 84 | . 8 13 16 1 . . . 15 15 4 . 4 8 Fabricators . | . . . . . . . . . . . . . . Repair Stations . | . . . . . . . . . . . . . . Recycling Units 1 | . . . . 1 . . . . . . . . . Scanalyzers . | . . . . . . . . . . . . . . Garrison Access 3 | . . . 1 . . 2 . . . . . . . Terminal Hacks 54 | . 4 2 3 . . . . 6 9 1 25 1 3 Record 28 | . . . . . . . . . 3 . 25 . . Robot Analysis 2 | . . . . . . . . . . . . 1 1 Prototype ID Bank 2 | . 1 . . . . . . 1 . . . . . Open Door 4 | . . . . . . . . . 3 1 . . . Branch Access Points 1 | . . . . . . . . 1 . . . . . Emergency Access Points 1 | . 1 . . . . . . . . . . . . Terminal Index 3 | . . . . . . . . 1 1 . . . 1 Alert Level 3 | . . 1 . . . . . 1 1 . . . . Unreport Threat 4 | . . 1 3 . . . . . . . . . . Locate Traps 1 | . 1 . . . . . . . . . . . . Registered Components 1 | . 1 . . . . . . . . . . . . Zone Layout 4 | . . . . . . . . 2 1 . . . 1 Fabricator Hacks . | . . . . . . . . . . . . . . Repair Station Hacks . | . . . . . . . . . . . . . . Recycling Unit Hacks 1 | . . . . 1 . . . . . . . . . Report Inventory 1 | . . . . 1 . . . . . . . . . Scanalyzer . | . . . . . . . . . . . . . . Garrison Access Hacks 2 | . . . 1 . . 1 . . . . . . . Seal Access 2 | . . . 1 . . 1 . . . . . . . Unauthorized Hacks 17 | . 3 4 4 . . . . 2 1 . . 1 2 Terminals 17 | . 3 4 4 . . . . 2 1 . . 1 2 Botnet 17 | . 3 4 4 . . . . 2 1 . . 1 2 Fabricators . | . . . . . . . . . . . . . . Repair Stations . | . . . . . . . . . . . . . . Recycling Units . | . . . . . . . . . . . . . . Scanalyzers . | . . . . . . . . . . . . . . Garrison Access . | . . . . . . . . . . . . . . Data Cores Recovered 4 | . . 1 . . . . 1 . 1 . . . 1 Used 1 | . . . . . . . . . . . . . 1 Hacking Detections 21 | . 1 4 4 2 . 1 . 3 2 1 . 1 2 Full Trace Events 3 | . . 2 1 . . . . . . . . . . Feedback Events . | . . . . . . . . . . . . . . Feedback Blocked . | . . . . . . . . . . . . . . Robot Schematics Acquired . | . . . . . . . . . . . . . . Robots Built . | . . . . . . . . . . . . . . Authchips . | . . . . . . . . . . . . . . Time . | . . . . . . . . . . . . . . Total Robot Build Rating . | . . . . . . . . . . . . . . Part Schematics Acquired . | . . . . . . . . . . . . . . Parts Built . | . . . . . . . . . . . . . . Authchips . | . . . . . . . . . . . . . . Time . | . . . . . . . . . . . . . . Total Part Build Rating . | . . . . . . . . . . . . . . Parts Repaired . | . . . . . . . . . . . . . . Time . | . . . . . . . . . . . . . . Parts Recycled . | . . . . . . . . . . . . . . Recycled Matter . | . . . . . . . . . . . . . . Retrieved Matter . | . . . . . . . . . . . . . . Retrieved Components . | . . . . . . . . . . . . . . Parts Scanalyzed . | . . . . . . . . . . . . . . Part Schematics Acquired . | . . . . . . . . . . . . . . Parts Damaged . | . . . . . . . . . . . . . . Bothacking | -11 -10 -9 -8 -7 -7 -7 -6 -5 -5 -5 -5 -5 -4 ------------ Run | Yrd Mat Mat Mat Fac Was Fac Fac Fac Ext Cet Arc Hub Fac Used RIF Installer . | . . . . . . . . . . . . . . Robots Hacked . | . . . . . . . . . . . . . . Non-combat . | . . . . . . . . . . . . . . Combat . | . . . . . . . . . . . . . . Robot Hacks Applied . | . . . . . . . . . . . . . . Relay Couplers Released . | . . . . . . . . . . . . . . Fabnet Peak Effective % . | . . . . . . . . . . . . . . Robots Rewired . | . . . . . . . . . . . . . . Allies Hacked . | . . . . . . . . . . . . . . Hacks Repelled . | . . . . . . . . . . . . . . Allies | -11 -10 -9 -8 -7 -7 -7 -6 -5 -5 -5 -5 -5 -4 -------- Run | Yrd Mat Mat Mat Fac Was Fac Fac Fac Ext Cet Arc Hub Fac Total Allies 3 | . . . . . . . . . 3 . . . . Largest Group 3 | . . . . . . . . . 3 . . . . Highest-Rated Group 71 | . . . . . . . . . 71 . . . . Highest-Rated Ally 31 | . . . . . . . . . 31 . . . . Total Orders . | . . . . . . . . . . . . . . Ally Attacks 16 | . . . . . . . . . 16 . . . . Total Damage 320 | . . . . . . . . . 320 . . . . Kills 4 | . . . . . . . . . 4 . . . . Allies Corrupted . | . . . . . . . . . . . . . . Allies Melted 1 | . . . . . . . . . . . 1 . . Intel | -11 -10 -9 -8 -7 -7 -7 -6 -5 -5 -5 -5 -5 -4 ------- Run | Yrd Mat Mat Mat Fac Was Fac Fac Fac Ext Cet Arc Hub Fac Robot Analysis Total 2 | . . . . . . . . . . . . 1 1 Derelict Logs Recovered . | . . . . . . . . . . . . . . Drone Launches 2 | . . . . . . . . . . . . 2 . Drone Recoveries 2 | . . . . . . . . . . . . 2 . Exploration | -11 -10 -9 -8 -7 -7 -7 -6 -5 -5 -5 -5 -5 -4 ------------- Run | Yrd Mat Mat Mat Fac Was Fac Fac Fac Ext Cet Arc Hub Fac Turns Passed 4816 | 68 357 904 687 404 127 182 219 334 408 135 62 237 692 Spaces Moved 4985 | 43 254 384 335 331 114 466 471 620 636 181 99 353 698 Core 561 | 12 . . . . . . . . . 158 90 . 301 Treads 142 | 12 11 74 29 . . . . . . . . . 16 Legs . | . . . . . . . . . . . . . . Wheels 1437 | 19 243 310 306 331 114 . . . . . . . 114 Hover 241 | . . . . . . . . . . . 9 43 189 Flight 2604 | . . . . . . 466 471 620 636 23 . 310 78 Fastest Speed 27 | 50 100 115 135 110 110 27 27 27 27 34 50 37 37 Average Speed 65 | 122 112 137 137 118 112 28 27 28 30 47 50 42 72 Slowest Speed 350 | 160 160 240 240 135 130 29 27 29 114 50 60 56 350 Overloaded Moves . | . . . . . . . . . . . . . . Propulsion Burnouts . | . . . . . . . . . . . . . . Robots Hopped 16 | . . . . . . . 1 2 8 2 . 3 . Cave-ins Triggered 1 | . . . . . . . . . 1 . . . . Exploration Rate (%) 41 | 4 46 46 37 9 78 16 15 20 69 80 75 66 21 Regions Visited 13 Branch Regions 4 Pre-discovered Areas . | . . . . . . . . . . . . . . Known Exits Taken 10 | . 1 1 1 . . 1 1 1 1 1 1 1 . Unknown Exits Taken 1 | 1 . . . . . . . . . . . . . Scrap Searched . | . . . . . . . . . . . . . . Spaces Dug 43 | . . . . . . . 5 14 3 . 1 20 . Terrain Destroyed 93 | . . . . . . . 5 14 40 . 1 20 13 Melee 43 | . . . . . . . 5 14 3 . 1 20 . Projectile 13 | . . . . . . . . . . . . . 13 AOE 37 | . . . . . . . . . 37 . . . . Terrain Rammed . | . . . . . . . . . . . . . . Walls Destroyed . | . . . . . . . . . . . . . . Machines Disabled . | . . . . . . . . . . . . . . Actions | -11 -10 -9 -8 -7 -7 -7 -6 -5 -5 -5 -5 -5 -4 --------- Run | Yrd Mat Mat Mat Fac Was Fac Fac Fac Ext Cet Arc Hub Fac Total 6008 | 55 299 608 461 344 113 520 545 752 800 205 105 386 815 Wait 451 | . 13 86 49 . . . 45 110 119 13 . . 16 Move 4943 | 42 253 383 334 331 113 465 468 616 619 177 98 346 698 Hop 14 | . . . . . . . 1 1 8 1 . 3 . Pick Up 60 | 7 8 13 6 6 . 6 5 2 . . 1 2 4 Fast Attach 61 | 5 2 5 3 2 . 7 6 2 3 . 3 6 17 Attach 39 | 1 1 4 4 1 . 7 . 4 4 2 1 2 8 Detach 11 | . 1 1 . . . 1 . 2 3 . . . 3 Swap 20 | . 1 10 4 1 . 1 1 . 2 . . . . Drop 74 | . 3 22 10 3 . 15 10 1 1 . . . 9 Fire 236 | . 17 84 51 . . . 4 . 19 . . 3 58 Melee 61 | . . . . . . . 5 14 4 12 2 24 . Ram 1 | . . . . . . . . . . . . . 1 Kick . | . . . . . . . . . . . . . . Crush 1 | . . . . . . . . . . . . . 1 Escape Stasis 36 | . . . . . . 18 . . 18 . . . . Rewire . | . . . . . . . . . . . . . . Trap . | . . . . . . . . . . . . . . Miscellaneous . | . . . . . . . . . . . . . . Route ------- -11/Scrapyard -10/Materials (discovered 2 exits: *Mat / [*Min]) -9/Materials -8/Materials -7/Factory -7/Waste -7/Factory (discovered 2 exits: *Fac / *Low) -6/Factory -5/Factory (discovered 4 exits: *Upp x2 / *Ext x2) -5/Extension (discovered 3 exits: *Fac x2 / *Cet) -5/Cetus (discovered 2 exits: *Fac / *Arc) -5/Archives -5/Hub_04(d) (discovered 3 exits: *Fac x3) -4/Factory History --------- Turn | Location | Event 24 | -11/Scrapyard | Discovered new exit (range 16) 69 | -11/Scrapyard | Entered Materials 300 | -10/Materials | Discovered new exit (range 10) 301 | -10/Materials | Build established: Mutant 321 | -10/Materials | Discovered new exit (range 7) 425 | -10/Materials | Identified exit to Materials 426 | -10/Materials | Entered another Materials area 426 | -9/Materials | Evolved 2 slots: Propulsion x1, Utility x1 1310 | -9/Materials | Discovered new exit (range 6) 1329 | -9/Materials | Identified exit to Materials 1330 | -9/Materials | Entered another Materials area 1330 | -8/Materials | Evolved 2 slots: Utility x2 1636 | -8/Materials | Destroyed 11 combat bots 1964 | -8/Materials | Lost 3 parts (1p1n1u) 2002 | -8/Materials | Discovered new exit (range 4) 2005 | -8/Materials | Identified exit to Factory 2017 | -8/Materials | Entered Factory 2017 | -7/Factory | Evolved 2 slots: Propulsion x1, Weapon x1 2324 | -7/Factory | Build established: Gunner 2421 | -7/Factory | Sucked down chute 2421 | -7/Factory | Entered Waste 2436 | -7/Waste | EMP discharged 2461 | -7/Waste | Spotted C-40 Crusher 2462 | -7/Waste | Spotted C-40 Crusher 2463 | -7/Waste | Spotted C-40 Crusher 2467 | -7/Waste | Spotted C-40 Crusher 2495 | -7/Waste | Crushed by Compactor (1 part destroyed, 1 dropped) 2497 | -7/Waste | Spotted C-40 Crusher 2503 | -7/Waste | Crushed by Compactor (1 part destroyed, 2 dropped) 2503 | -7/Waste | Spotted C-40 Crusher 2514 | -7/Waste | Crushed by Compactor (1 part destroyed, 1 dropped) 2536 | -7/Waste | EMP discharged 2536 | -7/Waste | System corruption reached 10% 2537 | -7/Waste | Discovered new exit (range 11) 2545 | -7/Waste | Lost 3 parts (1p1u1w) 2547 | -7/Waste | Identified exit to Factory 2548 | -7/Waste | Entered Factory 2712 | -7/Factory | Discovered new exit (range 17) 2717 | -7/Factory | Identified exit to Lower Caves 2729 | -7/Factory | Discovered new exit (range 5) 2730 | -7/Factory | Identified exit to Factory 2730 | -7/Factory | Entered another Factory area 2730 | -6/Factory | Evolved 2 slots: Propulsion x1, Utility x1 2849 | -6/Factory | Spotted B-75 Beast 2905 | -6/Factory | Build established: Hacker-Sprinter 2946 | -6/Factory | Discovered new exit (range 13) 2949 | -6/Factory | Identified exit to Factory 2949 | -6/Factory | Entered another Factory area 2949 | -5/Factory | Evolved 2 slots: Power x1, Utility x1 2984 | -5/Factory | Identified exit to Upper Caves 2984 | -5/Factory | Identified exit to Extension 3283 | -5/Factory | Entered Extension 3343 | -5/Extension | Warlord forces began an assault 3363 | -5/Extension | Spotted B-75 Beast 3435 | -5/Extension | Spotted B-75 Beast 3455 | -5/Extension | Crushed by falling debris 3472 | -5/Extension | Destroyed B-75 Beast 3484 | -5/Extension | Discovered new exit (range 3) 3485 | -5/Extension | Identified exit to Factory 3502 | -5/Extension | Lost 4 allies 3543 | -5/Extension | Rescued a captive Derelict 3544 | -5/Extension | Rescued a captive Derelict 3556 | -5/Extension | Rescued a captive Derelict 3613 | -5/Extension | Lost 3 parts (3n) 3680 | -5/Extension | Discovered new exit (range 19) 3680 | -5/Extension | Discovered exit to Factory (range 19) 3683 | -5/Extension | Disrupted transfer network 3691 | -5/Extension | Identified exit to Cetus 3691 | -5/Extension | Entered Cetus 3699 | -5/Cetus | Spotted Cetus Guard 3699 | -5/Cetus | Spotted Cetus Guard 3701 | -5/Cetus | Spotted Cetus Guard 3702 | -5/Cetus | Spotted Cetus Guard 3710 | -5/Cetus | Discovered exit to Factory (range 20) 3757 | -5/Cetus | Lost 11 parts (1p5n4u1w) 3818 | -5/Cetus | Discovered new exit (range 15) 3825 | -5/Cetus | Identified exit to Archives 3826 | -5/Cetus | Entered Archives 3840 | -5/Archives | Met Zhirov 3843 | -5/Archives | Unable to access archive contents 3846 | -5/Archives | Reinforcements dispatched to Archives 3851 | -5/Archives | Read partially decrypted archive contents 3854 | -5/Archives | Discovered new exit (range 14) 3860 | -5/Archives | Identified exit to Hub_04(d) 3865 | -5/Archives | Build established: Hacker-Mutant 3888 | -5/Archives | Entered Hub_04(d) 4004 | -5/Hub_04(d) | Discovered exit to Factory (range 10) 4011 | -5/Hub_04(d) | Spotted B-75 Beast 4052 | -5/Hub_04(d) | Core integrity fell below 50% 4059 | -5/Hub_04(d) | Discovered exit to Factory (range 7) 4117 | -5/Hub_04(d) | Discovered exit to Factory (range 21) 4125 | -5/Hub_04(d) | Entered Factory 4125 | -4/Factory | Evolved 2 slots: Propulsion x1, Utility x1 4484 | -4/Factory | Lost 7 parts (2p1n2u2w) 4598 | -4/Factory | Lost 5 parts (1n1u3w) 4632 | -4/Factory | Core integrity fell below 50% 4798 | -4/Factory | Core integrity fell below 20% 4817 | -4/Factory | Destroyed by S-27 Virus with Autogun Last Messages --------------- Acquired System Shield. Acquired Centrium Wheel. Slug penetrates Wall. Penetrated by Slug. Slammed into G-67 Veteran. Hacking Suite destroyed. Penetrated by Slug. M-13 Machinist repairs Field Laser. K-01 Serf cleans the Terminal. Slug penetrates Terminal. Terminal disabled. U-05 Engineer builds a Wall. ALERT: Rogue bot located, Programmers report to Factory Zone 1D. K-01 Serf cleans the Construction Platform. Component Analysis Suite destroyed. Penetrated by Slug. Gyrokinetic Inverter destroyed. Centrium Wheel destroyed. K-01 Serf destroyed. Adv. Signal Interpreter destroyed. Map ----- +----------------------------------------------------+ | ?????????????????????????????????????????????????? | | ?????????????????????????????????????????????????? | | ?????????????????????????????????????????????????? | | ?????????????????????????????????????????????????? | | ?????????????????????????????????????????????????? | | ?????????????????????????????????????????????????? | | ?????????????????????????????????????????????????? | | ?????????????????????????????????? ??????????????? | | ???????????????????????????????? ?????????????? | | ????????????????????????????? ?????????????? | | ????????????????????????????# #????????????? | | ????????????????????????????# #????????????? | | ????????????????????????????# #????????????? | | ????????????????????????????# #????????????? | | ????????????????????????????# #????????????? | | ????????????????????????????# #????????????? | | ????????????????????????????# #????????????? | | ????????????????????????????#w #????????????? | | ???????????????????????????##t ##???????????? | | ???????????????????????????#k #???????????? | | ???????????? ###+########## #???????????? | | ??????????? A k ###########+# | | ??????????? u | | ?????????? ! u | | ?????????? =%* | | ?????????? @ ############ | | ?????????????????+########## #??????????# | | ???????????????????????????# #??????????# | | ???????????????????????????#####+#####??????????# | | ????????????????????????????????????????????????#" | | ????????????????????????????????????????????????#" | | ????????????????????????????????????????????????#" | | ????????????????????????????????????????????????#" | | ????????????????????????????????????????????????# | | ????????????????????????????????????????? ????# | | ????????????????????????????????????????? ""??# | | ???????????????????????????????????????? """ # | | ???????????????????????????????????????? """ + | | ???????????????????????????????????????# # | | ???????????????????????????????????????# ] ""??# | | ???????????????????????????????????????# ????# | | ???????????????????????????????????????# ??????# | | ????????????????????????????????????????????????## | | ?????????????????????????????????????????????????? | | ?????????????????????????????????????????????????? | | ?????????????????????????????????????????????????? | | ?????????????????????????????????????????????????? | | ?????????????????????????????????????????????????? | | ????????????????????????????????????????????????# | | ????????????????????????????????????????????????# | +----------------------------------------------------+ Best States ------------- Heat Dissipation 62 Energy Generation 32 Energy Capacity 525 Matter Stores 300 Matter Capacity 300 Sight Range 22 Terrain Scan Density 10 ECM Strength 1 Additional Mass Support 9 Corruption Block 8 Armor Coverage 600 Power Shielding 33 Evasion (%) 64 Targeting Accuracy 5 Recoil Reduction 2 Offensive Hacking 20 Defensive Hacking 34 Item Schematics ----------------- None Robot Schematics ------------------ None Fabricated ------------ Nothing Alien Tech Used ----------------- None Achievements -------------- Quick And Dirty Challenges ------------ None Game ------ Seed PhaseMagneticArmor Manual? 0 Play Time 01:38:39 Cumulative 33.3 hours Start 2024.05.19 @ 02:02:36 End 2024.05.19 @ 23:19:21 Sessions 3 Manual Loads 0 Difficulty Rogue Special Mode None Game No. 43 Rogue 43 Adventurer 0 Explorer 0 Win Type - Total 0 Types 0/0/0/0/0/0/0/0/0 Lore% 33 Gallery% 41 Achievement% 32 Wizard Run 0 Options --------- Layout 0 ASCII 0 Keyboard 0 Movement Numpad Keybinds 0 Fullscreen 2 Font 24/Smallcaps Map View 76x50 Zoom Use 0% Tactical HUD 0 Map Filters NONE Filters NONE Steam 1 RUN: c6be7c2b-8d33-4637-9594-9198819aa4d8